AoeStats
← davidosorno2005

Arabia

510823894Analyzed
1v1 RM · 19h ago on Oct 2, 2026· 42m 44s· 2 players
Game mode
Random Map
Map size
Tiny (2 player)
Population
200
Speed
Normal
Resources
Standard
Victory
Conquest
Starting age
Dark Age
Ending age
Imperial Age
RankedLock teamsTeams togetherTeam positionsShared explorationLock speedFull tech treeHidden civsTurbo modeCheats
Victory
Defeat
🇪🇸 Vietnamese · Spain
1052
+17
🇩🇪 Mongols · Germany
1075
-17
davidosorno2005
5:46 Loom
11:28 Feudal Age
11:42 Man-at-Arms
12:11 Double-Bit Axe
13:02 Arson
20:20 Castle Age
19:38 Fletching
20:50 Pikeman
21:33 Squires
22:06 Bow Saw
21:37 Horse Collar
21:50 Gold Mining
23:59 Wheelbarrow
25:39 Scale Mail Armor
26:49 Chain Mail Armor
28:42 Stone Mining
28:54 Heavy Plow
28:24 Elite Skirmisher
29:51 Hand Cart
29:24 Town Watch
31:44 Bodkin Arrow
33:48 Ballistics
36:02 Imperial Age
34:05 Town Patrol
34:51 Thumb Ring
37:13 Bracer
38:30 Chemistry
37:40 Masonry
36:55 Elite Fire Lancer
37:00 Imperial Skirmisher
38:46 Padded Archer Armor
39:16 Plate Mail Armor
38:57 Forging
40:09 Leather Archer Armor
42:50 Paper Money
KiNGMG
11:02 Feudal Age
20:16 Castle Age
19:01 Padded Archer Armor
19:36 Fletching
21:23 Forging
22:22 Bloodlines
24:24 Scale Barding Armor
30:40 Double-Bit Axe
30:38 Horse Collar
32:20 Wheelbarrow
32:02 Loom
32:40 Leather Archer Armor
34:24 Bodkin Arrow
34:44 Bow Saw
38:24 Imperial Age
37:34 Thumb Ring
40:20 Conscription
40:25 Elite Skirmisher
41:11 Heavy Cavalry Archer
42:17 Parthian Tactics
42:41 Nomads
Connection lost

Rejoining the realm…

Still unreachable

The connection could not be restored.

Session expired

The server has moved on; the page needs a fresh start.